 Dungeon Crawl Stone Soup version 0.18-a0-1497-g788d838 (webtiles) character file.

9846 Karasique the Cleaver (level 11, -1/101 HPs)
             Began as a Hill Orc Fighter on Mar 4, 2016.
             Was a Priest of Beogh.
             Slain by a cyan ugly thing (16 damage)
             ... on level 11 of the Dungeon.
             The game lasted 00:23:40 (11191 turns).

Karasique the Cleaver (Hill Orc Fighter)           Turns: 11191, Time: 00:23:40

Health: -1/101     AC: 11    Str: 17 (20) XL:     11   Next: 52%
Magic:  11/11      EV: 15    Int:  7 (8)  God:    Beogh [***...]
Gold:   603        SH:  6    Dex: 15      Spells: 0 memorised, 10 levels left

rFire  + . .     SeeInvis .     x - +1 hand axe (elec)
rCold  + . .     Gourm    .     J - +3 leather armour {rF+}
rNeg   . . .     Faith    .     B - +0 buckler
rPois  .         Spirit   .     a - +0 hat
rElec  .         Dismiss  .     i - +1 cloak
rCorr  .         Reflect  .     (no gloves)
SustAt .         Harm     .     p - +0 pair of boots
MR     .....                    R - amulet of regeneration (curse)
Stlth  +.........               k - ring of protection from cold
                                (no ring)

@: about to teleport, not resistant to hostile enchantments, very unstealthy
A: hooves 1, horns 1, agile 1, deterioration 1, low mp 2
a: Smiting, Renounce Religion


You were on level 11 of the Dungeon.
You worshipped Beogh.
Beogh was most pleased with you.
You were not hungry.

You visited 1 branch of the dungeon, and saw 11 of its levels.
You also visited: Sewer and Ossuary.

You collected 603 gold pieces.

Inventory:

Hand Weapons
 x - a +1 hand axe of electrocution (weapon)
 I - the +7 Singing Sword
   (You found it on level 5 of the Dungeon)
Missiles
 T - a throwing net (quivered)
Armour
 a - a +0 hat (worn)
 i - a +1 cloak (worn)
 p - a +0 pair of boots (worn)
 B - a +0 buckler (worn)
 J - a +3 leather armour of fire resistance (worn)
Rods
 Q - a +0 rod of inaccuracy (9/9)
   (You found it on level 10 of the Dungeon)
Jewellery
 k - a ring of protection from cold (right hand)
 y - a +2 amulet of reflection
 R - a cursed amulet of regeneration (around neck)
Wands
 m - a wand of random effects (29/48)
 D - a wand of flame (32/48)
 F - a wand of paralysis (15/24)
 G - a wand of disintegration (8/24)
 N - a wand of disintegration (17/24)
Scrolls
 e - 3 scrolls of magic mapping
 g - 4 scrolls of identify
 n - a scroll of noise
 o - a scroll of recharging
 r - 4 scrolls of teleportation
 A - 3 scrolls of fog
 C - 3 scrolls of remove curse
 H - a scroll of enchant weapon
 K - 2 scrolls of blinking
 P - a scroll of fear {unknown}
Potions
 d - 3 potions of might
 h - 6 potions of curing
 j - 3 potions of berserk rage
 l - a potion of ambrosia {unknown}
 q - 2 potions of resistance
 s - a potion of flight
 u - 5 potions of heal wounds
 v - a potion of invisibility
 w - 2 potions of brilliance
 z - 2 potions of mutation
 E - 4 potions of lignification
 M - a potion of magic
Books
 O - a book of Maledictions

   Spells                             Type                      Level
   a - Corona                         Hexes                        1
   b - Ensorcelled Hibernation        Hexes/Ice                    2
   c - Confuse                        Hexes                        3
   d - Tukima's Dance                 Hexes                        3
   e - Dazzling Spray                 Conjuration/Hexes            3
Comestibles
 b - 9 beef jerkies
 c - 5 fruits
 f - 9 bread rations
 t - a royal jelly
 L - 3 meat rations
 S - 2 chunks of flesh


   Skills:
 + Level 10.5 Fighting
 + Level 13.4 Axes
 + Level 9.0 Armour
 + Level 6.1 Dodging
 - Level 5.0 Shields
 + Level 4.6 Invocations


You had 10 spell levels left.
You didn't know any spells.

Dungeon Overview and Level Annotations

Branches:
Dungeon (11/15)            Temple (0/1) D:7            Lair (0/8) D:9
    Orc: D:9-12

Altars:
Ashenzari
Cheibriados
Elyvilon
Fedhas
Kikubaaqudgha
Makhleb
Nemelex Xobeh
Okawaru
Pakellas
Sif Muna
Vehumet
Xom
Yredelemnul
Zin
The Shining One


Innate Abilities, Weirdness & Mutations

You have large cloven feet.
You have a pair of small horns on your head.
You are agile. (Dex +2)
Your body sometimes deteriorates upon taking damage.
Your magical capacity is very low (-20% MP).


Message History

You hit the cyan ugly thing.
The cyan ugly thing is moderately wounded.
You closely miss the cyan ugly thing. You headbutt the cyan ugly thing.
The cyan ugly thing is moderately wounded.
The cyan ugly thing tentacle-slaps you! The cyan ugly thing shocks you!
Your body deteriorates!
You feel weakened.
You barely miss the cyan ugly thing.
The cyan ugly thing is moderately wounded.
The cyan ugly thing tentacle-slaps you! The cyan ugly thing shocks you!
You are too injured to fight recklessly!
You are too injured to fight recklessly!
You are too injured to fight recklessly!
The cyan ugly thing tentacle-slaps you! The cyan ugly thing shocks you!
Your body deteriorates!
You feel weakened.
Read which item? (? for menu, Esc to quit)
As you read the scroll of teleportation, it crumbles to dust.
You feel strangely unstable. The cyan ugly thing tentacle-slaps you!
Your body deteriorates!
You feel weakened. The cyan ugly thing shocks you!
You die...

#####..)..#.#...##
#...........##..).
#.#####.#######.).
#<# #.# ######))
#.# #..........)
#.# #..######.#.
#.# #..# #.#. #>#
#..# #.#. #@# #.
#.##
######u####... #.
#............# ##
#.####....#.##
#......# ##...#.#
#.## # .# $#


You could see a cyan ugly thing.

Vanquished Creatures
  4 hill giants
  A cyclops (D:11)
  A troll (D:9)
  A two-headed ogre (D:11)
  A vampire (D:9)
  A hog (shapeshifter) (D:11)
  Eustachio (D:4)
  A hippogriff (D:11)
  The ghost of Karasique the Chopper, an amateur DsBe of Trog (D:4)
  Edmund (D:5)
  2 water moccasins
  7 orc warriors
  3 sky beasts
  2 black bears
  7 ogres
  2 ice beasts (D:5)
  2 phantoms
  4 centaurs
  2 big kobolds
  An elf zombie (Ossuary)
  8 giant frogs
  A gnoll sergeant (D:4)
  4 scorpions (D:5)
  11 killer bees
  3 wights (D:10)
  2 electric eels (D:8)
  6 crimson imps
  A quasit (D:11)
  2 centaur zombies
  4 jellies
  9 hounds
  An orc priest (D:9)
  2 centaur skeletons
  A gnoll shaman (D:5)
  4 iguanas
  4 orc wizards
  9 worker ants
  A big kobold zombie (Ossuary)
  2 hound skeletons
  2 mummies (Ossuary)
  13 gnolls
  A river rat (D:6)
  20 adders
  4 shadow imps
  13 oozes
  2 adder zombies (Ossuary)
  An adder skeleton (D:5)
  3 worms
  A dart slug (D:3)
  15 giant geckos
  38 orcs
  13 ball pythons
  11 giant cockroaches
  5 goblins
  4 hobgoblins
  17 jackals
  2 quokkas
  18 bats
  A giant gecko skeleton (D:5)
  13 giant newts
  A goblin zombie (Ossuary)
  6 hobgoblin zombies (Ossuary)
  2 jackal skeletons
  2 jackal zombies (Ossuary)
  16 kobolds
  9 kobold zombies (Ossuary)
  12 orc zombies (Ossuary)
  A quokka skeleton (D:7)
  13 rats
  2 rat zombies (Ossuary)
  8 fungi
  6 plants (D:9)
395 creatures vanquished.

Vanquished Creatures (collateral kills)
  A soldier ant (D:11)
1 creature vanquished.

Vanquished Creatures (others)
  An orc warrior (D:11)
  An orc priest (D:7)
  A giant gecko (D:8)
  An orc (D:7)
  3 fungi
7 creatures vanquished.

Grand Total: 403 creatures vanquished

Notes
Turn   | Place    | Note
--------------------------------------------------------------
     0 | D:1      | Karasique the Hill Orc Fighter began the quest for the Orb.
     0 | D:1      | Reached XP level 1. HP: 19/19 MP: 1/1
   251 | D:1      | Reached skill level 3 in Axes
   265 | D:1      | Reached XP level 2. HP: 26/26 MP: 2/2
   362 | D:1      | Reached skill level 4 in Axes
   665 | D:2      | Reached XP level 3. HP: 16/31 MP: 3/3
  1276 | D:2      | Reached skill level 5 in Axes
  1623 | D:3      | Found a white marble altar of Elyvilon.
  1644 | D:3      | Reached XP level 4. HP: 33/39 MP: 4/4
  1996 | D:3      | Reached skill level 6 in Axes
  2456 | D:3      | Reached skill level 7 in Axes
  2456 | D:3      | Reached XP level 5. HP: 45/45 MP: 5/5
  2461 | D:3      | Found a shimmering altar of Xom.
  3068 | D:4      | Noticed Karasique's ghost (amateur DsBe)
  3074 | D:4      | Killed Karasique's ghost
  3074 | D:4      | Reached skill level 8 in Axes
  3074 | D:4      | Reached XP level 6. HP: 51/51 MP: 6/6
  3097 | D:4      | Reached skill level 9 in Axes
  3295 | D:4      | Reached XP level 7. HP: 53/59 MP: 7/7
  3587 | D:4      | Found a glowing silver altar of Zin.
  3681 | D:4      | Noticed Eustachio
  3707 | D:4      | Killed Eustachio
  3707 | D:4      | Reached skill level 5 in Fighting
  3724 | D:4      | Got a slimy great mace
  3730 | D:4      | Identified the +3 great mace "Tirehon" {flame, rPois rC+ Str-4} (You found it on level 4 of the Dungeon)
  3886 | D:5      | Entered Level 5 of the Dungeon
  4037 | D:5      | Found a glowing silver altar of Zin.
  4060 | D:5      | Reached skill level 5 in Shields
  4060 | D:5      | Reached XP level 8. HP: 64/69 MP: 8/8
  4097 | D:5      | Reached skill level 10 in Axes
  4119 | D:5      | Reached skill level 1 in Dodging
  4686 | D:5      | Found a basalt altar of Yredelemnul.
  4687 | D:5      | Found an oddly glowing altar of Pakellas.
  4688 | D:5      | Found a deep blue altar of Sif Muna.
  4690 | D:5      | Found a sparkling altar of Nemelex Xobeh.
  4829 | D:5      | Noticed Edmund
  4839 | D:5      | Killed Edmund
  4875 | D:5      | Reached skill level 5 in Armour
  5169 | D:6      | Reached XP level 9. HP: 78/78 MP: 9/9
  5193 | D:6      | Found a sand-covered staircase.
  5198 | Ossuary  | Entered an ossuary
  5494 | D:6      | Reached skill level 11 in Axes
  5521 | D:6      | Found a glowing drain.
  5557 | Sewer    | Entered a sewer
  6035 | D:6      | Got a steaming leather armour
  6046 | D:6      | Identified the +3 leather armour of Day {-Cast +Blink Int+3} (You found it on level 6 of the Dungeon)
  6236 | D:6      | Found an iron altar of Okawaru.
  6803 | D:7      | Found a burning altar of Makhleb.
  6954 | D:7      | Noticed a hill giant
  6980 | D:7      | Killed a hill giant
  6980 | D:7      | Reached XP level 10. HP: 41/90 MP: 10/10
  7274 | D:7      | Reached skill level 12 in Axes
  7313 | D:7      | Became a worshipper of Beogh the Brigand
  7648 | D:7      | Found a staircase to the Ecumenical Temple.
  7768 | D:7      | Gained mutation: You are agile. (Dex +2) [mutagenic meat]
  7769 | D:7      | Gained mutation: Your magical capacity is low (-10% MP). [mutagenic meat]
  7770 | D:7      | Gained mutation: You have a pair of small horns on your head. [mutagenic meat]
  7771 | D:7      | Gained mutation: You have large cloven feet. [mutagenic meat]
  7772 | D:7      | Gained mutation: Your magical capacity is very low (-20% MP). [mutagenic meat]
  8539 | D:8      | Got a polished glaive
  8547 | D:8      | Identified the +1 glaive of Musmo {elec, Int+9} (You found it on level 8 of the Dungeon)
  8726 | D:9      | Found a staircase to the Lair.
  8729 | D:9      | Reached * piety under Beogh
  9010 | D:9      | Found a blossoming altar of Fedhas.
  9034 | D:9      | Found a shattered altar of Ashenzari.
  9047 | D:9      | Found a snail-covered altar of Cheibriados.
  9050 | D:9      | Found a radiant altar of Vehumet.
  9052 | D:9      | Found an ancient bone altar of Kikubaaqudgha.
  9336 | D:9      | Reached skill level 5 in Dodging
  9564 | D:9      | Found a glowing golden altar of the Shining One.
  9795 | D:9      | Reached ** piety under Beogh
  9880 | D:10     | Entered Level 10 of the Dungeon
  9911 | D:10     | Noticed a hill giant
  9919 | D:10     | Killed a hill giant
 10217 | D:10     | Reached skill level 1 in Invocations
 10249 | D:10     | Reached skill level 10 in Fighting
 10249 | D:10     | Reached XP level 11. HP: 99/99 MP: 9/9
 10259 | D:10     | Gained mutation: Your body sometimes deteriorates upon taking damage. [mutagenic meat]
 10312 | D:10     | Reached skill level 13 in Axes
 10795 | D:10     | Noticed a hill giant
 10802 | D:10     | Killed a hill giant
 10878 | D:11     | Noticed a cyclops
 10886 | D:11     | Killed a cyclops
 10980 | D:11     | Reached *** piety under Beogh
 11006 | D:11     | Noticed a hill giant
 11064 | D:11     | Killed a hill giant
 11087 | D:11     | Noticed a seven-headed hydra
 11180 | D:11     | Noticed a cyan ugly thing
 11191 | D:11     | Slain by a cyan ugly thing

Vault maps used:
D:1:      evilmike_arrival_hilbert_curve
D:2:      first_bread
D:3:      elyvilon_altar_1, tgw_xom
D:4:      zin_academy, uniq_eustachio
D:5:      old_forge, minitemple, basic_altar, minmay_misc_feat_plants,
          uniq_edmund
D:6:      okawaru_metal_pillars_3, enter_ossuary_5, portal_sewer_entry_e,
          grunt_ministairs_13
D:7:      kennysheep_big_flooded_room, makhleb_grotto_becter, temple_green,
          grunt_ogre_cave, bh_walls_and_bars
D:8:      minmay_misc_feat_nine_boxes, kennysheep_dice
D:9:      cheibrodos_ashenzari_chains, tso_altar,
          nicolae_overflow_quartered_altars, due_lair_maze_entry_diamond
D:11:     hangedman_cross_stitches, due_unseen_surprise
Sewer:    sewer_frog_island_02
Ossuary:  ossuary_tomb_1

Skill      XL: |  1  2  3  4  5  6  7  8  9 10 11 |
---------------+----------------------------------+-----
Axes           | 3 4 5 7 8 9 10 11 12 13 | 13.4
Fighting       | 4 5 6 8 10 | 10.5
Shields        | 5 |  5.0
Dodging        | 2 4 5 6 |  6.1
Armour         | 5 6 8 9 |  9.0
Invocations    | 1 4 |  4.6

Action                   |  1- 3 |  4- 6 |  7- 9 | 10-12 || total
-------------------------+-------+-------+-------+-------++-------
Melee: War axe           |    89 |    51 |       |       ||   140
       Hand axe          |       |    65 |   550 |   370 ||   985
Invok: Convert to Beogh  |       |       |       |     1 ||     1
  Use: Scroll            |       |     6 |    17 |     4 ||    27
  Eat: Chunk             |     2 |     5 |    13 |    17 ||    37
       Royal jelly       |       |       |       |     1 ||     1
       Pizza             |       |       |       |     1 ||     1
